 Dungeon Crawl Stone Soup version 0.19-a0-1626-g5215c36 (webtiles) character file.

19 4thArraOfDagon the Twirler (level 2, 0/23 HPs)
             Began as a Mummy Gladiator on Sept 18, 2016.
             Killed from afar by Duvessa (16 damage)
             ... with a wand of flame
             ... on level 4 of the Dungeon.
             The game lasted 00:00:57 (297 turns).

4thArraOfDagon the Twirler (Mummy Gladiator)         Turns: 297, Time: 00:00:58

Health: 0/23       AC:  4    Str: 18    XL:     2   Next: 55%
Magic:  2/2        EV: 12    Int:  7    God:
Gold:   25         SH:  0    Dex: 12    Spells: 0 memorised, 1 level left

rFire  x . .     SeeInvis .     a - +0 quarterstaff
rCold  + . .     Gourm    .     b - +0 leather armour
rNeg   + + +     Faith    .     (shield currently unavailable)
rPois  ∞         Spirit   .     c - +0 helmet
rElec  .         Dismiss  .     (no cloak)
rCorr  .         Reflect  .     (no gloves)
MR     .....     Harm     .     (no boots)
Stlth  +.........               (no amulet)
                                (no ring)
                                (no ring)

@: no status effects
A: no food or potions, fire vulnerability, cold resistance 1, negative energy
resistance 3, torment resistance, unbreathing
a: no special abilities


You were on level 4 of the Dungeon.
You were not hungry.

You visited 1 branch of the dungeon, and saw 4 of its levels.

You collected 25 gold pieces.

Inventory:

Hand Weapons
 a - a +0 quarterstaff (weapon)
Missiles
 d - 2 throwing nets (quivered)
Armour
 b - a +0 leather armour (worn)
 c - a +0 helmet (worn)
Scrolls
 h - a scroll of enchant armour


   Skills:
 + Level 2.3 Fighting
 * Level 3.0 Staves
 - Level 1.5 Throwing
 - Level 2.4 Dodging


You had one spell level left.
You didn't know any spells.

Dungeon Overview and Level Annotations

Branches:
Dungeon (4/15)
 Temple: D:4-7

Altars:

Annotations:
D:4 Dowan, Duvessa


Innate Abilities, Weirdness & Mutations

You do not eat or drink.
Your flesh is vulnerable to fire.
You are immune to poison.
Your flesh is cold resistant. (rC+)
You are immune to negative energy. (rN+++)
You are immune to unholy pain and torment.
You can survive without breathing.


Message History

2 jackals come into view.
The jackal barks!
Unknown command.
A giant cockroach comes into view.
The jackal barks!
Unknown command.
Unknown command.
The jackal pauses to sniff the ground.
Unknown command.
Duvessa, Sister of Dowan comes into view.
She is wielding a short sword of holy wrath.
Unknown command.
The jackal bites you but does no damage.
Found 13 gold pieces.
Unknown command.
Unknown command.
Dowan, Brother of Duvessa comes into view.
He is wielding a dagger of flaming.
Dowan shouts!
Duvessa zaps a wand.
The puff of flame hits you! The fire burns you terribly!
Ouch! That really hurt!
You die...

### ### #.. #.. #.#
########.# ### #.#
#.....##.##### .... #.#
#.....##..†...
.e...##.###.........####
.....e...............#
$...##@###..........###
.........hh.............
#####...###..........#.#
#.#####....####.##.#
#.s........# #.# #
..######(...# ... ..
#h...# ... (.. ......#
... ##...?h#


You could see Duvessa, Dowan and 2 jackals.

Vanquished Creatures
  An adder (D:3)
  A bat (D:2)
  3 jackals (D:4)
  A kobold (D:1)
  A frilled lizard (D:3)
  4 rats
11 creatures vanquished.

Notes
Turn   | Place    | Note
-------+----------+-------------------------------------------
     0 | D:1      | 4thArraOfDagon the Mummy Gladiator began the quest for the Orb.
     0 | D:1      | Reached XP level 1. HP: 16/16 MP: 1/1
   229 | D:3      | Reached XP level 2. HP: 22/22 MP: 2/2
   276 | D:4      | Reached skill level 3 in Staves
   295 | D:4      | Noticed Duvessa
   297 | D:4      | Noticed Dowan
   297 | D:4      | Killed from afar by Duvessa

Vault maps used:
D:1:      minmay_arrival_wavy_path
D:2:      kennysheep_vampire_church, lightli_temple_of_fire, serial_forest,
          infiniplex_forest_clump_small, infiniplex_forest_zigzag_1,
          infiniplex_forest_end_2, infiniplex_forest_corner_2,
          infiniplex_forest_end_2, infiniplex_forest_corner_2,
          infiniplex_forest_clump_long, infiniplex_forest_end_double, uniq_iyjb
D:3:      hangedman_decor_growths, ashenzari_altar_1
D:4:      first_bread, cheibrodos_gnoll_hut, uniq_duvessa, uniq_edmund,
          uniq_pikel

Skill      XL: |  1  2 |
---------------+-------+-----
Staves         | 3 |  3.0
Fighting       | |  2.3
Throwing       | |  1.5
Dodging        | |  2.4

Action                   || total
-------------------------++-------
Melee: Quarterstaff      ||    34
Throw: Throwing net      ||     2
  Use: Scroll            ||     3
Armor: Leather armour    ||    17
Dodge: Dodged            ||    19
